 Dungeon Crawl Stone Soup version 0.26-a0-651-gb41185065b (webtiles) character file.

Game seed: 3604755776248803546

671 Irenicus the Geomancer (level 7, 0/55 HPs)
             Began as a Deep Dwarf Earth Elementalist on Oct 11, 2020.
             Was an Initiate of Makhleb.
             Hit by a large rock thrown by a cyclops (36 damage)
             ... on level 6 of the Dungeon.
             The game lasted 00:18:21 (3093 turns).

Irenicus the Geomancer (DDEE)                       Turns: 3093, Time: 00:18:22

Health: 0/55       AC:  7    Str: 11    XL:     7   Next: 32%
Magic:  7/9        EV: 11    Int: 20    God:    Makhleb [......]
Gold:   286        SH:  5    Dex: 20    Spells: 6/9 levels left

rFire    . . .     SeeInvis .   g - +1 whip (elec)
rCold    . . .     Faith    .   (no shield)
rNeg     . . .     Spirit   .   u - +0 ring mail of the Beginning {Dex+7} (curse)
rPois    .         Reflect  +   m - +0 helmet
rElec    +         Harm     .   (no cloak)
rCorr    .         Rampage  .   (no gloves)
MR       +....                  q - +0 pair of boots
Stlth    ++........             i - amulet of reflection
HPRegen  0.00/turn              (no ring)
MPRegen  0.11/turn              (no ring)

@: non-regenerating
A: damage resistance, heal wounds, clever 1, sense surroundings 1, electricity
resistance, no regeneration
a: Heal Wounds, Renounce Religion


You were on level 6 of the Dungeon.
You worshipped Makhleb.
Makhleb was noncommittal.
You visited 2 branches of the dungeon, and saw 7 of its levels.

You collected 286 gold pieces.

Inventory:

Hand Weapons
 g - a +1 whip of electrocution (weapon)
   (You took it off a kobold on level 1 of the Dungeon)
Missiles
 b - 91 stones (quivered)
Armour
 m - a +0 helmet (worn)
   (You took it off Robin on level 3 of the Dungeon)
 q - a +0 pair of boots (worn)
   (You found it on level 3 of the Dungeon)
 u - the cursed +0 ring mail of the Beginning (worn) {Dex+7}
   (You found it on level 5 of the Dungeon)

   It affects your dexterity (+7).
   It has a curse placed upon it.
Jewellery
 h - an uncursed amulet of faith {Faith, !P}
   (You found it on level 2 of the Dungeon)
 i - an amulet of reflection (around neck)
   (You found it on level 2 of the Dungeon)
Scrolls
 a - a scroll of fear
 d - 3 scrolls of teleportation
 f - a scroll of magic mapping {unknown}
 l - a scroll of immolation {unknown}
 n - a scroll of enchant armour {unknown}
 r - 3 scrolls of remove curse
 s - a scroll of random uselessness {unknown}
 t - a scroll of identify
Potions
 c - a potion of berserk rage {!q}
 e - a potion of flight
 j - a potion of might
 k - 4 potions of curing
 o - a potion of experience {unknown}


   Skills:
 - Level 2.1 Dodging
 - Level 2.4 Stealth
 - Level 1.7 Spellcasting
 - Level 0.8 Transmutations
 + Level 11.1 Earth Magic


You had 6 spell levels left.
You knew the following spells:

 Your Spells              Type           Power        Failure   Level
a - Sandblast             Erth           #####.       1%          1
w - Passwall              Tmut/Erth      ####....     4%          2

Your spell library contained the following spells:

 Spells                   Type           Power        Failure   Level
 Stone Arrow              Conj/Erth      ###...       12%         3
 Lee's Rapid Deconstruct  Erth           #####.....   12%         5
 Petrify                  Tmut/Erth      ####....     32%         4


Dungeon Overview and Level Annotations

Branches:
Dungeon (6/15)             Temple (1/1) D:5

Altars:
Cheibriados
Dithmenos
Fedhas
Gozag
Hepliaklqana
Makhleb
Nemelex Xobeh
Okawaru
Ru
Sif Muna
Xom
Zin
The Shining One


Innate Abilities, Weirdness & Mutations

You are resistant to damage.
You can heal yourself by infusing magical energy.
You passively map a small area around you.
You do not regenerate.
Your mind is acute. (Int +2)
You are resistant to electric shocks. (rElec)


Message History

You now have 258 gold pieces (gained 10).
u - a shimmering ring mail
Okay, then.
As you read the scroll of remove curse, it crumbles to dust.
You feel as if something is helping you.
You start removing your armour.
You continue taking off your +0 leather armour. x4
You finish taking off your +0 leather armour.
You start putting on your armour.
You continue putting on your shimmering ring mail. x5
You finish putting on the cursed +0 ring mail of the Beginning {Dex+7}.
You feel agile.
Oops, that feels deathly cold.
Drop what? 21/52 slots (_ for help) (? for menu, Esc to quit)
You drop a ring mail.
You drop a +0 leather armour.
Found a stone staircase leading down.
You now have 275 gold pieces (gained 17).
You see here 21 arrows.
l - a scroll labeled JOUWAPTAONG You see here 21 arrows.
Found a stone staircase leading down.
A shadow imp comes into view.
The shadow imp shouts!
The shadow imp gestures at you. You resist with significant effort.
You see here 11 gold pieces.
Casting: Passwall (safe; 5% risk of failure)
Confirm with . or Enter, or press ? or * to list all spells.
Aiming: Sandblast (safe; 1% risk of failure)
Press: ? - help, Shift-Dir - straight line, f - shadow imp
Aim: a shadow imp The blast of sand hits the shadow imp!!
You kill the shadow imp!
Makhleb accepts your kill.
b - 68 stones You now have 8/9 mp.
You now have 286 gold pieces (gained 11).
MP restored: 9
There is a stone staircase leading down here.
b - 94 stones (gained 26)
There is a stone staircase leading down here.
You climb downwards.
A cyclops comes into view.
There is a stone staircase leading up here.
Okay, then.
It was a potion of heal wounds.
You feel much better.
You regained 27 hp, and now have 33/55 hp.
A centaur comes into view.
The centaur shouts!
You hear a shout!
You see here a bubbling silvery potion.
Casting: Sandblast (safe; 1% risk of failure)
Confirm with . or Enter, or press ? or * to list all spells.
Aiming: Sandblast (safe; 1% risk of failure)
Press: ? - help, Shift-Dir - straight line, f - centaur
Aim: a centaur, quivering 18 arrows The blast of sand hits the centaur!
The centaur is severely wounded.
b - 93 stones The centaur wields a +0 shortbow.
The centaur shoots an arrow.
You reflect the arrow off an invisible shield around you!
The arrow hits the centaur!
You kill the centaur!
Makhleb accepts your kill.
Your Earth Magic skill increases to level 11!
You now have 8/9 mp.
Casting: Sandblast (safe; 1% risk of failure)
Confirm with . or Enter, or press ? or * to list all spells.
You can't see any susceptible monsters within range! (Use Z to cast anyway.) Unknown command.
o - a bubbling silvery potion
r - 3 scrolls of remove curse (gained 1)
The cyclops throws a large rock.
The large rock hits you!!
* * * LOW HITPOINT WARNING * * *
You take 19 damage, and have 14/55 hp.
MASSIVE DAMAGE!!
You see here 14 gold pieces.
MP restored: 9
Okay, then.
You feel much better.
You regained 22 hp, and now have 36/55 hp.
Casting: Sandblast (safe; 1% risk of failure)
Confirm with . or Enter, or press ? or * to list all spells.
Aiming: Sandblast (safe; 1% risk of failure)
Press: ? - help, Shift-Dir - straight line, f - cyclops
Aim: a cyclops, quivering 5 large rocks The blast of sand hits the cyclops!!
The cyclops is heavily wounded.
b - 92 stones You now have 8/9 mp.
Casting: Sandblast (safe; 1% risk of failure)
Confirm with . or Enter, or press ? or * to list all spells.
Aiming: Sandblast (safe; 1% risk of failure)
Press: ? - help, Shift-Dir - straight line, f/p - cyclops
Aim: a cyclops, quivering 5 large rocks (heavily wounded)
The blast of sand hits the cyclops!
The cyclops is severely wounded.
b - 91 stones The cyclops throws a large rock.
The large rock hits you!!!
Ouch! That really hurt!
You die...

,#.........###### ,
...#..............#
C.................#
, * #<#####.....#,*
+ * #
##.......?..#,* ..
*#.####..... ,
#.##.####..## *
#.C.........#
###......#@.#
#......#..###.#
###C..$.........
##..C.#..##.#. ,
#.......# ,
#........# *
###.#....# ,,
..#......
*,,...#...#.?


You could see a cyclops.

Vanquished Creatures
  The ghost of XanderDroid the Magician, an amateur GnWz (D:3)
  A centaur (D:6)
  2 hounds
  3 orc wizards
  Jessica (D:3)
  4 worker ants (D:4)
  2 hound zombies (D:5)
  Robin (D:3)
  3 adders
  A shadow imp (D:5)
  An adder skeleton (D:4)
  2 worms
  2 dart slugs
  2 leopard geckos
  21 orcs
  A ball python (D:4)
  7 giant cockroaches
  12 goblins
  11 hobgoblins
  4 jackals (D:1)
  6 kobolds
  3 quokkas
  3 bats
  4 frilled lizards
  A quokka skeleton (D:4)
  5 rats
104 creatures vanquished.

Notes
Turn   | Place    | Note
-------+----------+-------------------------------------------
     0 | D:1      | Irenicus the Deep Dwarf Earth Elementalist began the quest
                  | for the Orb.
     0 | D:1      | Reached XP level 1. HP: 15/15 MP: 3/3
   117 | D:1      | Reached XP level 2. HP: 10/22 MP: 2/4
   174 | D:1      | Learned a level 2 spell: Passwall
   286 | D:1      | Reached skill level 5 in Earth Magic
   577 | D:1      | HP: 5/22 [hobgoblin/+0 club (1)]
   587 | D:1      | Reached XP level 3. HP: 28/28 MP: 0/5
   768 | D:2      | Found an opulent altar of Gozag.
   905 | D:2      | Reached skill level 6 in Earth Magic
  1420 | D:3      | Noticed Robin
  1429 | D:3      | Killed Robin
  1429 | D:3      | Reached XP level 4. HP: 28/36 MP: 0/6
  1494 | D:3      | Reached skill level 7 in Earth Magic
  1499 | D:3      | Found a hazy altar of Hepliaklqana.
  1507 | D:3      | Found a runed translucent door.
  1509 | D:3      | Noticed XanderDroid's ghost (amateur GnWz)
  1557 | D:3      | Reached XP level 5. HP: 20/42 MP: 2/7
  1721 | D:3      | Noticed Jessica
  1726 | D:3      | Killed Jessica
  1749 | D:3      | Reached skill level 8 in Earth Magic
  1944 | D:3      | Killed XanderDroid's ghost
  1944 | D:3      | Reached skill level 9 in Earth Magic
  1944 | D:3      | Reached XP level 6. HP: 23/49 MP: 0/8
  2103 | D:4      | Found a blossoming altar of Fedhas.
  2182 | D:4      | HP: 7/49 [orc wizard/magic dart (8)]
  2185 | D:4      | Gained mutation: You are resistant to electric shocks.
                  | (rElec) [potion of mutation]
  2185 | D:4      | Gained mutation: Your mind is acute. (Int +2) [potion of
                  | mutation]
  2190 | D:4      | HP: 4/49 [orc wizard/magic dart (3)]
  2201 | D:4      | HP: 5/49 [orc wizard/magic dart (7)]
  2207 | D:4      | Reached skill level 10 in Earth Magic
  2365 | D:4      | Reached XP level 7. HP: 6/55 MP: 7/9
  2577 | D:5      | Entered Level 5 of the Dungeon
  2590 | D:5      | Found a snail-covered altar of Cheibriados.
  2590 | D:5      | Found a glowing silver altar of Zin.
  2604 | D:5      | Found a shadowy altar of Dithmenos.
  2651 | D:5      | Found a staircase to the Ecumenical Temple.
  2666 | Temple   | Entered the Ecumenical Temple
  2687 | Temple   | Became a worshipper of Makhleb the Destroyer
  2887 | D:5      | Found a shimmering altar of Xom.
  2922 | D:5      | Got a shimmering ring mail
  2934 | D:5      | Identified the cursed +0 ring mail of the Beginning {Dex+7}
                  | (You found it on level 5 of the Dungeon)
  3067 | D:6      | Noticed a cyclops
  3074 | D:6      | Reached skill level 11 in Earth Magic
  3093 | D:6      | Hit by a large rock thrown by a cyclops

Illustrated notes

Levels and vault maps discovered:
D:1:      dpeg_arrival_ternary, layout_loops_ring
D:2:      layout_loops_corners, nicolae_gozag_seed_capital
D:3:      layout_loops_ring, nicolae_overflow_hidden_temple,
          hellmonk_ghost_happy_afterlife, uniq_robin, uniq_jessica
D:4:      layout_cave_pods, fedhas_ov_isle_minmay
D:5:      layout_layer_cave, kennysheep_mini_moat, grunt_temple_overflow_open,
          minmay_temple_entry_sparse_star
D:6:      layout_basic, vehumet_statue, minivault_5, uniq_blork_the_orc,
          uniq_crazy_yiuf_cottage, uniq_pikel, uniq_maggie
Temple:   compressed_dpeg_circular_temple

Skill      XL: |  1  2  3  4  5  6  7 |
---------------+----------------------+-----
Earth Magic    | 5 6 7 9 10 11 | 11.1
Dodging        | |  2.1
Stealth        | |  2.4
Spellcasting   | |  1.7
Transmutations | |  0.8

Action                   |  1- 3 |  4- 6 |  7- 9 || total
-------------------------+-------+-------+-------++-------
Melee: Unarmed           |    65 |       |       ||    65
       Whip              |    14 |    39 |       ||    53
       Club              |     1 |       |       ||     1
 Cast: Sandblast         |    48 |    52 |    21 ||   121
       Passwall          |     7 |    11 |     5 ||    23
 Abil: Heal Wounds       |     1 |       |       ||     1
  Use: Scroll            |     3 |     7 |     1 ||    11
       Potion            |       |     5 |     2 ||     7
 Stab: Sleeping          |     2 |       |       ||     2
Armor: Robe              |    25 |     4 |       ||    29
       Skin              |       |     3 |       ||     3
       Leather armour    |       |     3 |     1 ||     4
Dodge: Dodged            |    55 |    24 |     1 ||    80
Block: Other             |     3 |     8 |     2 ||    13
       Reflection        |       |       |     1 ||     1

Table legend: (Time is in decaauts)
 A = Elapsed time spent in this place.
 B = Non-inter-level travel time spent in this place.
 C = Inter-level travel time spent in this place.
 D = Time resting spent in this place.
 E = Time spent auto-exploring this place.
 F = Levels seen in this place.
 G = Mean time per level.
                   A        B        C        D        E       F      G
               +--------+--------+--------+--------+--------+-----+--------+
         Total |   3077 |   3031 |     46 |     17 |     40 |   7 |  439.6 |
       Dungeon |   3038 |   3001 |     37 |     17 |     40 |   6 |  506.3 |
        Temple |     38 |     29 |      9 |      0 |      0 |   1 |   38.0 |
               +--------+--------+--------+--------+--------+-----+--------+

Top non-repeatable levels by time:
     D:1: 724 daAuts
     D:2: 696 daAuts
     D:3: 583 daAuts
     D:4: 557 daAuts
     D:5: 451 daAuts
  Temple: 38 daAuts
     D:6: 25 daAuts

Table legend:
 A = Kills in this place as a percentage of kills in entire the game.
 B = Kills by you in this place as a percentage of kills by you in the entire game.
 C = Kills by friends in this place as a percentage of kills by friends in the entire game.
 D = Other kills in this place as a percentage of other kills in the entire game.
 E = Experience gained in this place as a percentage of experience gained in the entire game.
 F = Experience gained in this place divided by the number of levels of this place that you have seen.
                   A       B       C       D       E      F
               +-------+-------+-------+-------+-------+----------------------
         Total | 100.0 | 100.0 |   N/A |   N/A | 100.0 | 137.0
       Dungeon | 100.0 | 100.0 |   N/A |   N/A | 100.0 | 159.8
               +-------+-------+-------+-------+-------+----------------------
